 Dungeon Crawl Stone Soup version 0.27-a0-1191-g601b473118 (webtiles) character file.

Game seed: 6614780473782414794

53 Sobieck the Poker (level 3, 0/29 HPs)
             Began as a Merfolk Monk on May 23, 2021.
             Was a Priest of Makhleb.
             Slain by a phantom (8 damage)
             ... on level 2 of the Dungeon.
             The game lasted 00:03:12 (1791 turns).

Sobieck the Poker (Merfolk Monk)                    Turns: 1791, Time: 00:03:13

Health: 0/29       AC:  3    Str: 11    XL:     3   Next: 89%
Magic:  3/3        EV: 13    Int:  9    God:    Makhleb [***...]
Gold:   44         SH:  0    Dex: 17    Spells: 2/2 levels left

rFire    . . .     SeeInvis .   a - +0 spear {polearm}
rCold    . . .     Faith    .   (no shield)
rNeg     . . .     Spirit   .   l - +0 leather armour
rPois    .         Reflect  .   (no helmet)
rElec    .         Harm     .   (no cloak)
rCorr    .         Rampage  .   (no gloves)
Will     .....                  (no boots)
Stlth    ++........             (no amulet)
HPRegen  0.09/turn              (no ring)
MPRegen  0.08/turn              (no ring)

@: no status effects
A: (nimble swimmer 2), mertail
a: Renounce Religion, Minor Destruction, Lesser Servant of Makhleb


You were on level 2 of the Dungeon.
You worshipped Makhleb.
Makhleb was most pleased with you.
You visited 1 branch of the dungeon, and saw 3 of its levels.

You collected 44 gold pieces.


Innate Abilities, Weirdness & Mutations

((You are quick and stealthy near water. (Stealth+, EV+, Speed+++)))
Your lower body shifts to a powerful aquatic tail in water.


   Skills:
 - Level 3.2 Fighting
 * Level 6.7 Polearms
 - Level 4.0 Dodging
 - Level 2.1 Stealth
 + Level 0.6 Invocations


You had 2 spell levels left.
You didn't know any spells.
Your spell library was empty.

Inventory:

Hand Weapons
 a - a +0 spear (weapon) {polearm}
 e - a +2 whip of electrocution {mace}
   (You took it off a kobold on level 1 of the Dungeon)
Missiles
 c - 69 stones (quivered) {throwing}
 d - 15 arrows
 i - 21 sling bullets
 n - 4 atropa-tipped darts {throwing}
Armour
 b - a +0 robe
 l - a +0 leather armour (worn)
   (You found it on level 1 of the Dungeon)
Jewellery
 o - a +6 ring of intelligence
   (You found it on level 2 of the Dungeon)
Scrolls
 g - a scroll of enchant armour {unknown}
 j - a scroll of teleportation {unknown}
 k - a scroll of amnesia {unknown}
Potions
 f - a potion of heal wounds {unknown}
 h - a potion of curing {unknown}
 m - 2 potions of brilliance {unknown}

Dungeon Overview and Level Annotations

Branches:
Dungeon (3/15)

Altars:
Makhleb

# ## .# #### .# #..
.########## #.#
....##≈≈≈≈#########.#
......≈≈≈≈.....W@...#
....#≈≈≈≈≈########..#
.####≈≈≈≈≈# ######..#
<...≈≈≈≈≈## #.[.....#
.###≈≈≈≈≈# #.####.##
####≈≈≈≈## #.#
###≈≈≈≈≈# #.#
...≈≈≈≈≈# #.#
###≈≈≈≈## #.#


You could see a phantom.


Message History

The jackal splashes around in the water.
You hit the jackal. The jackal misses you.
You hit the jackal but do no damage. The jackal closely misses you.
You miss the jackal.
The jackal splashes around in the water.
You barely miss the jackal.
The jackal splashes around in the water.
You hit the jackal.
You kill the jackal!
Makhleb accepts your kill.
A giant cockroach comes into view.
Found an escape hatch in the floor.
You reach to attack!
The helpless giant cockroach fails to defend itself.
You puncture the giant cockroach!
You kill the giant cockroach!
Makhleb accepts your kill.
Your legs become a tail as you enter the water.
Your legs become a tail as you enter the water.
There is a stone staircase leading up here.
You now have 44 gold pieces (gained 2).
An adder comes into view.
You reach to attack!
The helpless adder fails to defend itself.
You hit the adder. You hit the adder but do no damage.
The adder bites you but does no damage.
You hit the adder. The adder bites you but does no damage.
You hit the adder. The adder bites you. 😕 HP[-1]
You take 1 damage, and now have 28/29 hp.
You closely miss the adder. The adder misses you.
You closely miss the adder. The adder closely misses you.
You hit the adder.
You kill the adder!
Makhleb accepts your kill.
No target in view!
No target in view!
No target in view!
A goblin comes into view. It is wielding a +0 dagger. 😎 HP[+1]
Your hp is fully restored (29).
The goblin shouts!
You miss the goblin.
The goblin hits you with a +0 dagger. 😕 HP[-1]
You take 1 damage, and now have 28/29 hp.
You hit the goblin.
You kill the goblin!
Makhleb accepts your kill.
You feel better. 😎 HP[+1]
Your hp is fully restored (29).
No target in view!
You see here a +0 dagger {short}.
There is a stone staircase leading up here.
o - a +6 ring of intelligence Your legs become a tail as you enter the water.
A phantom comes into view.
The phantom hits you.
The phantom blinks!
You blink. 😕 HP[-3]
You take 3 damage, and now have 26/29 hp.
You hit the phantom but do no damage. The phantom closely misses you.
You hit the phantom. The phantom misses you.
You barely miss the phantom. 😕 HP[+1]
You hit the phantom but do no damage. The phantom closely misses you.
You hit the phantom. The phantom barely misses you.
You barely miss the phantom. The phantom misses you.
You hit the phantom. You hit the phantom. The phantom barely misses you.
You hit the phantom. The phantom misses you.
You closely miss the phantom. The phantom hits you.
The phantom blinks!
You blink. 😕 HP[-2]
You take 2 damage, and now have 25/29 hp.
You hit the phantom. You hit the phantom. The phantom barely misses you.
You miss the phantom. The phantom hits you! 😮 HP[-8]
You take 8 damage, and now have 17/29 hp.
MASSIVE DAMAGE!! (PAUSE)
You are too injured to fight recklessly!
You are too injured to fight recklessly!
You hit the phantom. The phantom hits you.
* * * LOW HITPOINT WARNING * * *
😨 HP[-6]
You take 6 damage, and now have 11/29 hp.
MASSIVE DAMAGE!! (PAUSE)
You barely miss the phantom. The phantom hits you.
* * * LOW HITPOINT WARNING * * *
The phantom blinks!
You blink. 😱 HP[-4]
You take 4 damage, and now have 7/29 hp. 😨 HP[+1] Unknown command.
You hit the phantom. You hit the phantom but do no damage.
The phantom barely misses you.
You hit the phantom. The phantom hits you!
You die...

Skill      XL: |  1  2 |
---------------+-------+-----
Polearms       | 5 6 |  6.7
Fighting       | |  3.2
Dodging        | |  4.0
Stealth        | |  2.1
Invocations    | |  0.6

Action                   || total
-------------------------++-------
Melee: Spear             ||   152
Throw: Stone             ||     1
 Stab: Sleeping          ||    10
Armor: Robe              ||     7
       Leather armour    ||     2
Dodge: Dodged            ||    54

Levels and vault maps discovered:
D:1:      evilmike_arrival_rings, layout_loops_ring,
          ebering_ecumenical_altar_mist, hangedman_glass_teeth,
          grunt_decor_junction
D:2:      wander_river, layout_loops_ring
D:3:      layout_basic, nicolae_overflow_crystal_walls,
          nicolae_overflow_hidden_temple, lemuel_coloured_pillars_altar,
          uniq_terence

Notes
Turn   | Place    | Note
-------+----------+-------------------------------------------
     0 | D:1      | Sobieck the Merfolk Monk began the quest for the Orb.
     0 | D:1      | Reached XP level 1. HP: 18/18 MP: 1/1
     0 | D:1      | magus.rc [v1.9.6]
   327 | D:1      | Reached skill level 5 in Polearms
   327 | D:1      | Reached XP level 2. HP: 16/24 MP: 2/2
   452 | D:1      | Found a faded altar of an unknown god.
   458 | D:1      | Became a worshipper of Makhleb the Destroyer
   458 | D:1      | Reached * piety under Makhleb
   458 | D:1      | Reached ** piety under Makhleb
   732 | D:1      | Reached *** piety under Makhleb
   877 | D:1      | Reached skill level 6 in Polearms
   877 | D:1      | Reached XP level 3. HP: 24/29 MP: 3/3
  1760 | D:2      | Noticed a phantom
  1787 | D:2      | HP: 7/29 [phantom (4)]
  1791 | D:2      | Slain by a phantom

Vanquished Creatures
  An adder (D:2)
  A worm (D:1)
  6 ball pythons (D:1)
  3 endoplasms (D:1)
  4 giant cockroaches
  4 goblins
  3 hobgoblins
  A jackal (D:2)
  3 kobolds (D:1)
  2 quokkas (D:1)
  A bat (D:1)
  4 frilled lizards
  6 rats (D:1)
39 creatures vanquished.

Table legend:
 A = Non-vault XP
 B = Vault XP
 C = Vault XP percentage of total XP
 D = Non-vault monster count
 E = Vault monster count
 F = Vault count percentage of total count
                 A         B        C        D         E       F
            +---------+---------+-------+---------+---------+-------
      Total |      77 |       0 |   0.0 |      39 |       0 |   0.0
            +---------+---------+-------+---------+---------+-------
        D:1 |      53 |       0 |   0.0 |      32 |       0 |   0.0
        D:2 |      24 |       0 |   0.0 |       7 |       0 |   0.0
            +---------+---------+-------+---------+---------+-------

Illustrated notes

Table legend:
 A = Kills in this place as a percentage of kills in entire the game.
 B = Kills by you in this place as a percentage of kills by you in the entire game.
 C = Kills by friends in this place as a percentage of kills by friends in the entire game.
 D = Other kills in this place as a percentage of other kills in the entire game.
 E = Experience gained in this place as a percentage of experience gained in the entire game.
 F = Experience gained in this place divided by the number of levels of this place that you have seen.
                   A       B       C       D       E      F
               +-------+-------+-------+-------+-------+----------------------
         Total | 100.0 | 100.0 |   N/A |   N/A | 100.0 |  25.7
       Dungeon | 100.0 | 100.0 |   N/A |   N/A | 100.0 |  25.7
               +-------+-------+-------+-------+-------+----------------------

Table legend: (Time is in decaauts)
 A = Elapsed time spent in this place.
 B = Non-inter-level travel time spent in this place.
 C = Inter-level travel time spent in this place.
 D = Time resting spent in this place.
 E = Time spent auto-exploring this place.
 F = Levels seen in this place.
 G = Mean time per level.
                   A        B        C        D        E       F      G
               +--------+--------+--------+--------+--------+-----+--------+
         Total |   1745 |   1636 |    109 |    146 |   1171 |   3 |  581.7 |
       Dungeon |   1745 |   1636 |    109 |    146 |   1171 |   3 |  581.7 |
               +--------+--------+--------+--------+--------+-----+--------+

Top non-repeatable levels by time:
     D:1: 1402 daAuts
     D:2: 341 daAuts
     D:3: 1 daAuts
